 Dungeon Crawl Stone Soup version 0.30-a0-458-g86641cc369 (webtiles) character file.

Game seed: 6556211037400513677

2041279 ShnitzelX3 the Acrobat (level 27, 228/228 HPs)
             Began as a Djinni Ice Elementalist on Dec 13, 2022.
             Was a High Priest of Ashenzari.
             Escaped with the Orb
             ... and 3 runes on Dec 14, 2022!
             The game lasted 04:32:22 (47213 turns).

ShnitzelX3 the Acrobat (Djinni Ice Elementalist)   Turns: 47213, Time: 04:32:22

Health: 228/228    AC: 13    Str:  5    XL:     27
Gold:   3569       EV: 22    Int: 38    God:    Ashenzari [*****.] SH: 18 Dex: 23

rFire   + + +      SeeInvis +    a - staff of fire
rCold   + . .      Faith    .    G - +3 buckler {reflect}
rNeg    + . .      Spirit   .    K - +0 ring mail "Stoicism of Ashenzari" {*Slow rF+ rCorr Int+7 Dex+4, Evo, Self} (curse)
rPois   ∞          Reflect  +    h - +1 hat of the All-seeing Planets {Range, Self} (curse)
rElec   +          Harm     .    z - +2 cloak "At What Cost Knowledge?" {rC+, Self, Range} (curse)
rCorr   +          Rampage  .    D - +0 pair of gloves of Cremastomancy {rF+ rN+ rCorr Int+3, Self, Evo} (curse)
Will    ++++.      Clarity  +    (boots unavailable)
Stlth   ++........               y - amulet "Shattered Seer" {+Blink +Inv Regen+ SInv, Self, Fort} (curse)
HPRegen 1.38/turn                N - ring of the Chained Insecurity {rC+, Melee, Cun} (curse)
MPRegen 0.00/turn                T - ring of the Eternal Lethargy {+Blink rElec rC+ Will+ Stlth-, Self, Evo} (curse)

@: flying
A: sickness immunity, fire resistance 2, cold vulnerability 2, float, innate
caster, HP casting, extra vitality 1, large bone plates 1, thin skeletal
structure 1, deformed body, strong-willed 1, weak 1
0: Orb of Zot
}: 3/15 runes: barnacled, silver, gossamer
a: Renounce Religion, Evoke Blink, Evoke Invisibility, Curse Item, Shatter the
Chains


You escaped.
You worshipped Ashenzari.
Ashenzari was extremely pleased with you.
You visited 9 branches of the dungeon, and saw 44 of its levels.
You visited the Abyss 1 time.
You also visited: Gauntlet and Wizlab.

You collected 6481 gold pieces.
You spent 2912 gold pieces at shops.

Inventory:

Hand Weapons
 w - the +7 short sword of the Skies Above {holy, Str+3}
   (You found it in a Gauntlet)

   It has been blessed by the Shining One to cause great damage to the undead
   and demons.
   Str:       It affects your strength (+3).
 P - a +3 scimitar of flaming
Missiles
 e - 13 throwing nets (quivered)
 C - 19 curare-tipped darts
 I - 11 silver javelins
Armour
 h - the cursed +1 hat of the All-seeing Planets (worn) {Range, Self}
   (You found it on level 1 of the Dungeon)

   It has a curse which improves the following skills: Ranged Combat: Ranged
   Weapons and Throwing.
   Introspection: Fighting and Spellcasting.
 z - the cursed +2 cloak "At What Cost Knowledge?" (worn) {rC+, Self, Range}
   (You bought it in a shop on level 3 of the Dungeon)

   rC:        It protects you from cold.
   It has a curse which improves the following skills: Introspection: Fighting
   and Spellcasting.
   Ranged Combat: Ranged Weapons and Throwing.
 D - the cursed +0 pair of gloves of Cremastomancy (worn) {rF+ rN+ rCorr Int+3, Self, Evo}
   (You found it in a Gauntlet)

   Int:       It affects your intelligence (+3).
   rF:        It protects you from fire.
   rN:        It protects you from negative energy.
   rCorr:     It protects you from acid and corrosion.
   It has a curse which improves the following skills: Introspection: Fighting
   and Spellcasting.
   Evocations: Evocations.
 G - a +3 buckler of reflection (worn)
 K - the cursed +0 ring mail "Stoicism of Ashenzari" (worn) {*Slow rF+ rCorr Int+7 Dex+4, Evo, Self}
   (You found it on level 9 of the Dungeon)

   Int:       It affects your intelligence (+7).
   Dex:       It affects your dexterity (+4).
   rF:        It protects you from fire.
   rCorr:     It protects you from acid and corrosion.
   *Slow:     It may slow you when you take damage.
   It has a curse which improves the following skills: Evocations: Evocations.
   Introspection: Fighting and Spellcasting.
 Q - a +0 robe of resistance
Magical Staves
 a - a staff of fire (weapon)
 b - a staff of earth
 p - a staff of cold
Jewellery
 r - a +4 ring of protection
 v - a +6 ring of intelligence
 y - the cursed amulet "Shattered Seer" (around neck) {+Blink +Inv Regen+ SInv, Self, Fort}
   (You found it on level 6 of the Dungeon)

   [amulet of regeneration]

   SInv:      It lets you see invisible.
   +Inv:      It lets you turn invisible.
   +Blink:    It lets you blink.
   Regen:     It increases your rate of health regeneration.
   It has a curse which improves the following skills: Introspection: Fighting
   and Spellcasting.
   Fortitude: Armour and Shields.
 N - the cursed ring of the Chained Insecurity (left hand) {rC+, Melee, Cun}
   (You found it on level 4 of the Depths)

   [ring of protection from cold]

   rC:        It protects you from cold.
   It has a curse which improves the following skills: Melee Combat: Short
   Blades, Long Blades, Axes, Maces & Flails, Polearms, Staves and Unarmed
   Combat.
   Cunning:   Dodging and Stealth.
 T - the cursed ring of the Eternal Lethargy (right hand) {+Blink rElec rC+ Will+ Stlth-, Self, Evo}
   (You acquired it on level 14 of the Dungeon)

   [ring of protection from cold]

   rC:        It protects you from cold.
   rElec:     It insulates you from electricity.
   +Blink:    It lets you blink.
   Will:      It increases your willpower.
   Stlth:     It makes you less stealthy.
   It has a curse which improves the following skills: Introspection: Fighting
   and Spellcasting.
   Evocations: Evocations.
Wands
 g - a wand of roots (21)
 u - a wand of polymorph (18)
 B - a wand of digging (3)
 E - a wand of mindburst (40)
 H - a wand of quicksilver (22)
 J - a wand of paralysis (20)
 R - a wand of flame (29)
Scrolls
 d - 3 scrolls of enchant weapon
 f - 13 scrolls of teleportation
 j - 8 scrolls of fog
 k - 2 scrolls of silence
 l - 2 scrolls of noise
 m - 11 scrolls of vulnerability
 o - 4 scrolls of butterflies
 S - 7 scrolls of fear
 U - 5 scrolls of immolation
 W - 10 scrolls of poison
 Y - 7 scrolls of magic mapping
Potions
 c - 5 potions of mutation
 n - 7 potions of ambrosia
 q - 6 potions of attraction
 s - 30 potions of curing
 t - 3 potions of invisibility
 x - 11 potions of might
 A - 7 potions of brilliance
 M - 2 potions of cancellation
 O - 3 potions of berserk rage
 V - 14 potions of heal wounds
 X - 5 potions of haste
Miscellaneous
 i - a tin of tremorstones (2/2)
 L - a condenser vane
 Z - a box of beasts


   Skills:
 - Level 20.9(27) Fighting
 + Level 16.1(18.3) Armour
 + Level 21.9(23.9) Dodging
 * Level 13.7(15.9) Stealth
 + Level 20.8(22.8) Shields
 - Level 20.6(27) Spellcasting
 + Level 11.7(16.2) Evocations


You couldn't memorise any spells.
You knew the following spells:

 Your Spells              Type           Power      Damage    Failure   Level
a - Freeze                Ice            100%       1d10      0%          1
b - Frozen Ramparts       Ice            100%       1d16      0%          3
c - Ozocubu's Armour      Ice            100%       N/A       0%          3
d - Summon Ice Beast      Ice/Summ       100%       N/A       0%          4
e - Lee's Rapid Deconstr  Erth           65%        3d30*     0%          5
f - Static Discharge      Conj/Air       100%       2-7/arc   0%          2
g - Searing Ray           Conj           100%       2d8       0%          2
h - Lesser Beckoning      Tloc           100%       N/A       0%          3
i - Sandblast             Erth           100%       2d20      0%          1
j - Summon Forest         Summ/Tloc      65%        N/A       0%          5
k - Starburst             Conj/Fire      78%        6d20      0%          6
l - Malign Gateway        Summ/Tloc      65%        N/A       0%          7
m - Enfeeble              Hex            65%        N/A       0%          7
n - Summon Hydra          Summ           65%        N/A       0%          7
o - Borgnjor's Revivific  Necr           65%        N/A       1%          8
p - Death's Door          Necr           65%        N/A       1%          9
q - Dragon's Call         Summ           65%        N/A       1%          9
Your spell library was empty.

Dungeon Overview and Level Annotations

Branches:
Dungeon (15/15)            Temple (1/1) D:5            Lair (5/5) D:10
 Shoals (4/4) Lair:2       Spider (4/4) Lair:3        Slime (0/5) Lair:5
    Orc (0/2) D:10         Vaults (5/5) D:13          Crypt (0/3) Vaults:2
 Depths (4/4) D:15           Hell (visited)             Zot (5/5) Depths:4
 WizLab (visited)         Gauntlet (visited)
    Dis: Hell:1         Geh: Hell:1         Coc: Hell:1         Tar: Hell:1

Altars:
Ashenzari
Cheibriados
Dithmenos
Elyvilon
Fedhas
Gozag
Hepliaklqana
Makhleb
Nemelex Xobeh
Okawaru
Qazlal
Ru
Trog
Uskayaw
Wu Jian
Xom
Yredelemnul
Zin
The Shining One

Shops:
D:3 [   D:11 :   Shoals:1 *   Shoals:2 *   Vaults:4 (   Vaults:5 !!!(
Depths:2 *

Portals:
Hell: Lair:5 Depths:1 Depths:2 Depths:3 Depths:4
Abyss: Depths:3
Pandemonium: Depths:2
Ziggurat: Depths:2
Trove: D:13 (show slimy rune of Zot)

Annotations:
D:7 Dowan; Duvessa
Lair:1 2 transporters
Lair:3 3 runed translucent doors, Strat's ghost, journeyman MeMo
Vaults:3 Zenata
Depths:4 3 runed translucent doors, Ypuomp's ghost, adept HaHu
Hell Geryon
Zot:5 3 runed translucent doors, Ytolar's ghost, legendary DsFi


Innate Abilities, Weirdness & Mutations

You are immune to sickness and miasma.
You are immune to poison.
Your flesh is very heat resistant. (rF++)
You are very vulnerable to cold. (rC--)
You float through the air rather than walking.
You learn spells naturally, not from books.
Your magical power is your life essence.
You have superior vitality. (+4 MHP)
You are partially covered in large bone plates. (SH +4)
You have a somewhat thin skeletal structure. (Dex +2, Stealth+)
Armour fits poorly on your strangely shaped body.
You are strong-willed. (Will+)
You are weak. (Str -2)


Message History

The fireball engulfs your shadow dragon!!
You hear an angry squeal.
You hear an explosion!
Aiming: Dig
Press: ? - help, Shift-Dir - straight line A rock wall.
This square is covered in magical glow.
The rock shatters into small pieces.
Unknown command.
A blizzard demon comes into view.
A dragon arrives to answer your call!
Your quicksilver dragon bites the blizzard demon!
Your quicksilver dragon misses the blizzard demon.
There is a stone staircase leading up here.
Your quicksilver dragon bites the blizzard demon but does no damage.
Your quicksilver dragon claws the blizzard demon.
Your quicksilver dragon bites the blizzard demon!
Your quicksilver dragon barely misses the blizzard demon.
You fly upwards.
Your summoned ally is left behind.
There is a stone staircase leading down here.
There is a stone staircase leading down here.
HP restored.
A blizzard demon comes into view.
Casting: Enfeeble (safe; 0% risk of failure)
Confirm with . or Enter, or press ? or * to list all spells.
Casting: Starburst (safe; 0% risk of failure)
Press: ? - help, Dir - look around, f - activate You feel a surge of power!
The bolt of fire hits the blizzard demon!!!!
The blizzard demon is burned terribly!
You kill the blizzard demon!
Unknown command.
There is a stone staircase leading up here.
You fly upwards.
There is a stone staircase leading down here.
The roar of the dragon horde subsides.
You see here a +0 dagger.
You can once more reach out to the dragon horde.
There is an open door here.
There is a staircase leading out of the dungeon here.
You have escaped!

#...#.# ####...#.######≈~~~~..
#...#.# #......# #....... #...#.#
#......# ###'#### #...#.#
#......# #.# # #...#.#
######'###### #.# # #...#.#
###...........### #.# #
......###...###...###...####.####
...####...####.....####...##.....
...###..#####...@...#####..######
...##..## ##.........## ##..## #
..##..## ##...........## ##..## #
###..## ##......#......## ##..##
#..## ##......###......## ##..#
##.## ##......## ##......## ##.##
#..# ##......## ##......## #..#
#.####......## ##......####.#
)..........## ##...........


There were no monsters in sight!

Vanquished Creatures
  3 dread liches
  Sojobo (Vaults:4)
  Boris (twice) (Vaults:4 Depths:1)
  2 Killer Klowns (Zot:5)
  Margery (Vaults:3)
  5 golden dragons
  Nikola (Shoals:3)
  An iron giant (Zot:3)
  Arachne (Spider:2)
  3 electric golems
  A Tzitzimitl (Zot:5)
  2 liches (Depths:3)
  4 tentacled monstrosities
  An Orb Guardian (Zot:5)
  A quicksilver dragon (Zot:2)
  5 titans (Vaults:5)
  An Executioner (D:10)
  2 tentacled starspawn (Abyss:3)
  3 sphinxes
  5 death cobs
  9 storm dragons
  5 shadow dragons
  9 tengu reavers
  3 fire giants (Vaults:5)
  10 draconian monks
  3 frost giants
  7 deep elf sorcerers
  A draconian knight (Zot:1)
  3 draconian scorchers (Zot:1)
  9 vault wardens
  4 emperor scorpions
  4 ghost moths
  A cacodemon (WizLab)
  A juggernaut zombie (Abyss:3)
  10 draconian stormcallers
  A draconian shifter (Zot:1)
  12 ironbound preservers
  4 draconian annihilators
  7 war gargoyles
  5 demonspawn corrupters (WizLab)
  11 stone giants
  7 very ugly things
  A vampire knight (Depths:3)
  7 ironbound thunderhulks
  4 green draconians
  3 black draconians
  3 red draconians
  A deep elf demonologist (Vaults:5)
  8 white draconians
  A dire elephant (Vaults:1)
  5 yellow draconians
  A deep elf annihilator (Vaults:5)
  6 spark wasps
  A minotaur (Gauntlet)
  6 purple draconians
  A blizzard demon (D:2)
  4 ettins
  A quicksilver dragon zombie (Vaults:5)
  2 merfolk javelineers (Shoals:4)
  2 deep elf death magi (Vaults:5)
  An entropy weaver (shapeshifter) (Vaults:5)
  15 yaktaur captains
  6 deep elf high priests
  5 merfolk impalers
  4 great orbs of eyes
  7 fire dragons (Zot:3)
  8 ice dragons
  A rakshasa (Depths:2)
  27 vault guards
  11 entropy weavers
  5 hydras
  4 jorogumos (Spider:4)
  2 hell beasts
  A peacekeeper (Vaults:4)
  2 spriggan air magi (Depths:4)
  5 ironbound frosthearts
  A ghost crab (Gauntlet)
  An alligator snapping turtle (Shoals:2)
  A catoblepas (D:14)
  5 boulder beetles
  An anaconda (WizLab)
  9 centaur warriors
  Erica (D:10)
  4 radroaches
  2 merfolk avatars
  7 dancing weapons
  3 merfolk aquamancers
  A deep troll shaman (Depths:3)
  3 two-headed ogres
  4 tengu warriors
  A vampire mage (Vaults:2)
  7 satyrs
  3 deep troll earth magi
  A shock serpent (shapeshifter) (D:12)
  2 soul eaters
  2 death yaks
  4 thrashing horrors (Abyss:3)
  3 hell knights
  8 spriggan berserkers
  A sun demon (Lair:5)
  2 spriggans
  2 wretched stars (Abyss:3)
  Sonja (Lair:4)
  A spark wasp zombie (Depths:2)
  A deep elf knight (Vaults:5)
  3 iron trolls
  4 skeletal warriors (D:12)
  A quicksilver dragon simulacrum (Depths:3)
  4 sun moths (Spider:4)
  3 pharaoh ants
  A death drake (shapeshifter) (Vaults:5)
  12 orb spiders
  2 spriggan druids (WizLab)
  4 steelbarb worms
  14 sea snakes
  3 flayed ghosts
  8 lindwurms
  33 deep trolls
  4 glowing orange brains
  An orb spider (shapeshifter) (WizLab)
  15 ironbound convokers
  6 starcursed masses (Abyss:3)
  A phantasmal warrior (Vaults:5)
  16 wizards
  24 harpies
  A sphinx zombie (Vaults:1)
  7 necromancers
  3 deep elf pyromancers
  2 deep elf zephyrmancers
  A stone giant zombie (Vaults:1)
  15 wolf spiders
  A tengu zombie (Depths:2)
  17 ugly things
  An oklob plant (Lair:2)
  A fire giant zombie (Vaults:1)
  20 fauns
  A sphinx skeleton (Depths:2)
  5 cyclopes
  A tengu skeleton (Vaults:5)
  10 moths of wrath
  A frost giant zombie (Vaults:5)
  2 worldbinders (WizLab)
  A stone giant skeleton (Vaults:2)
  16 manticores
  A moth of wrath (shapeshifter) (Vaults:5)
  A guardian serpent (D:11)
  3 elephants
  A water nymph (shapeshifter) (Vaults:5)
  4 water nymphs
  A black mamba (Lair:4)
  6 merfolk sirens
  13 vault sentinels
  A smoke demon (Lair:5)
  4 torpor snails
  An eye of devastation (shapeshifter) (Vaults:5)
  A kobold demonologist (D:13)
  A hellion (D:3)
  A freezing wraith (Vaults:5)
  2 human zombies
  An elf zombie (Vaults:1)
  9 cane toads
  6 komodo dragons
  An unseen horror (D:10)
  3 rime drakes
  17 yaktaurs
  A hellwing (D:11)
  A tengu conjurer (Depths:4)
  A queen bee (Gauntlet)
  4 demonic crawlers
  5 ice devils
  2 red devils (Lair:5)
  A polar bear (Lair:5)
  A yaktaur skeleton (Vaults:2)
  A meliai (Spider:4)
  A troll (D:13)
  25 merfolk
  2 hornets
  19 tarantellas
  8 wind drakes
  4 raiju (Abyss:3)
  5 blink frogs
  39 slime creatures
  10 snapping turtles
  5 large abominations
  2 ettin zombies
  A shadow (D:9)
  24 jumping spiders
  23 culicivoras
  Sigmund (D:2)
  A wyvern (Lair:1)
  17 water elementals
  A wyvern (shapeshifter) (Vaults:5)
  4 vampires
  A hog (shapeshifter) (Vaults:5)
  2 wraiths
  A yak (shapeshifter) (D:15)
  6 basilisks
  A neqoxec (Abyss:3)
  34 yaks
  51 redbacks
  8 vampire mosquitoes
  2 acid dragons
  9 water moccasins
  2 hell hounds (Lair:5)
  A floating eye (Depths:3)
  A floating eye (shapeshifter) (Vaults:5)
  3 orc warriors
  An ice beast (D:8)
  A black bear (D:5)
  11 wolves
  13 centaurs
  4 kobold brigands
  5 bullfrogs
  2 gnoll sergeants
  An entropy weaver simulacrum (Vaults:1)
  2 scorpions (D:6)
  7 wights
  13 killer bees
  2 electric eels (Spider:1)
  4 howler monkeys
  A quasit (Abyss:3)
  5 hounds
  2 jellies (D:5)
  8 orc priests
  Jessica (D:2)
  3 iguanas (D:5)
  14 orc wizards
  11 gnolls
  An adder (shapeshifter) (Depths:3)
  7 adders
  2 shadow imps
  2 ufetubi
  A worm (D:2)
  36 orcs
  7 endoplasms
  An endoplasm (shapeshifter) (Vaults:5)
  3 giant cockroaches
  8 goblins
  6 hobgoblins
  2 jackals (D:2)
  6 quokkas
  5 ball pythons
  4 bats
  3 frilled lizards
  24 kobolds
  2 rats
  A fungus (Lair:3)
  5 plants
  A snaplasher vine (Zot:3)
1326 creatures vanquished.

Vanquished Creatures (collateral kills)
  2 ancient liches
  4 orbs of fire
  3 juggernauts
  5 Killer Klowns
  Bai Suzhen (Depths:1)
  7 curse toes
  9 golden dragons
  3 electric golems
  20 tentacled monstrosities
  A Hell Sentinel (D:3)
  Rupert (D:15)
  A walking frostbound tome (Depths:3)
  25 Orb Guardians
  A titan (Depths:2)
  11 quicksilver dragons
  3 eldritch tentacles
  A sphinx (Depths:3)
  4 death cobs
  A tengu reaver (Vaults:4)
  5 draconian monks
  8 shadow dragons
  12 storm dragons
  5 draconian knights
  3 vault wardens
  An emperor scorpion (Spider:4)
  A frost giant (Depths:3)
  2 ghost moths
  A balrug (Depths:3)
  3 draconian scorchers
  A fire giant (Depths:3)
  A draconian stormcaller (Zot:5)
  5 draconian shifters
  A spriggan defender (Depths:2)
  A reaper (D:10)
  7 draconian annihilators
  10 very ugly things
  A war gargoyle (Vaults:5)
  4 stone giants
  2 ironbound preservers (Vaults:4)
  2 ironbound thunderhulks (Vaults:4)
  4 green draconians
  9 black draconians
  8 white draconians
  23 purple draconians
  9 red draconians
  5 spark wasps (Depths:2)
  8 yellow draconians
  A merfolk javelineer (Shoals:4)
  3 ettins
  5 fire dragons
  2 yaktaur captains
  A great orb of eyes (Vaults:4)
  2 hydras (Lair:5)
  3 ice dragons
  2 catoblepae
  A jorogumo (shapeshifter) (Depths:1)
  Erolcha (D:12)
  A centaur warrior (D:14)
  An ironbound frostheart (Vaults:1)
  A boulder beetle (Spider:4)
  A hell hog (D:3)
  2 deep troll shamans (Depths:3)
  4 two-headed ogres
  2 death yaks (D:10)
  Urug (Lair:3)
  10 deep troll earth magi
  6 hell knights
  6 iron trolls
  4 sun moths
  A pharaoh ant (Spider:4)
  17 deep trolls
  2 steelbarb worms
  A necromancer (Depths:1)
  2 wizards
  An ugly thing (shapeshifter) (Depths:2)
  5 wolf spiders
  12 ugly things
  A cyclops (D:12)
  2 manticores (shapeshifter) (Depths:3)
  2 fauns (Shoals:4)
  2 merfolk sirens (Lair:2)
  5 moths of wrath
  5 black mambas
  An elephant (Lair:4)
  3 vault sentinels
  3 torpor snails
  An orange demon (D:5)
  6 cane toads
  4 rime drakes
  4 komodo dragons
  2 demonic crawlers
  A yaktaur (Vaults:1)
  A red devil (Lair:5)
  A merfolk (Lair:2)
  A meliai (Spider:4)
  2 polar bears
  3 tarantellas (Spider:3)
  2 trolls (D:10)
  3 slime creatures
  2 blink frogs (Lair:3)
  A culicivora (Spider:3)
  2 jumping spiders
  3 wyverns
  31 yaks
  3 wraiths
  3 basilisks
  2 nameless horrors
  20 redbacks
  3 hell hounds (Lair:5)
  10 water moccasins
  An orc warrior (D:6)
  2 sky beasts
  10 wolves (Lair:5)
  3 centaurs (D:14)
  5 bullfrogs
  A kobold brigand (D:11)
  2 scorpions
  3 wights
  A howler monkey (D:12)
  3 hounds
  An iguana (D:5)
  An iron imp (D:4)
  A hell rat (Lair:5)
  2 orcs (D:10)
  A kobold (D:7)
518 creatures vanquished.

Vanquished Creatures (others)
  44 eldritch tentacles
  A draconian scorcher (Zot:3)
  Aizul (Spider:2)
  A white draconian (Zot:1)
  A merfolk aquamancer (WizLab)
  A deep troll (Depths:3)
  A yak (D:10)
  46 fungi
  267 plants
  35 snaplasher vines
  7 starspawn tentacles (Abyss:3)
  3 toadstools (D:4)
408 creatures vanquished.

Grand Total: 2252 creatures vanquished

Notes
Turn   | Place    | Note
-------+----------+-------------------------------------------
     0 | D:1      | ShnitzelX3 the Djinni Ice Elementalist began the quest for
                  | the Orb.
     0 | D:1      | ShnitzelX3 set off with the following spells memorised:
                  | Freeze, Frozen Ramparts, Ozocubu's Armour, Summon Ice
                  | Beast.
     0 | D:1      | Reached XP level 1. HP: 15/15 MP: 0/0
   222 | D:1      | Reached XP level 2. HP: 19/21 MP: 0/0
   667 | D:1      | Reached XP level 3. HP: 20/26 MP: 0/0
   667 | D:1      | Learned a level 1 spell: Sandblast
  1336 | D:2      | Reached skill level 1 in Fighting
  1336 | D:2      | Reached XP level 4. HP: 28/32 MP: 0/0
  1360 | D:2      | Noticed Jessica
  1372 | D:2      | Killed Jessica
  1417 | D:2      | Reached skill level 3 in Dodging
  1427 | D:2      | Noticed Sigmund
  1440 | D:2      | Killed Sigmund
  1441 | D:2      | Reached XP level 5. HP: 14/39 MP: 0/0
  1441 | D:2      | Learned a level 2 spell: Static Discharge
  1441 | D:2      | Reached XP level 6. HP: 16/45 MP: 0/0
  2490 | D:3      | You are sucked into a shaft and drop 2 floors!
  2490 | D:5      | Entered Level 5 of the Dungeon
  2688 | D:3      | Reached skill level 4 in Dodging
  2688 | D:3      | Reached XP level 7. HP: 40/49 MP: 0/0
  2688 | D:3      | Learned a level 2 spell: Searing Ray
  2812 | D:3      | Found Hecyz's Antique Armour Shoppe.
  2818 | D:3      | Reached skill level 5 in Spellcasting
  3705 | D:4      | Found a snail-covered altar of Cheibriados.
  4220 | D:5      | Reached XP level 8. HP: 29/56 MP: 0/0
  4807 | D:5      | Reached skill level 5 in Dodging
  5033 | D:6      | Noticed a nameless horror
  5042 | D:6      | Killed a nameless horror
  5434 | D:6      | Identified the amulet of Vycicour {+Blink +Inv Regen+ SInv}
  5470 | D:6      | Reached XP level 9. HP: 61/63 MP: 0/0
  5470 | D:6      | Learned a level 3 spell: Lesser Beckoning
  5602 | D:3      | Bought an ancient cloak for 228 gold pieces
  5602 | D:3      | Identified the +2 cloak of Voibos {rC+} (You bought it in a
                  | shop on level 3 of the Dungeon)
  5720 | D:5      | Reached skill level 1 in Evocations
  5753 | D:5      | Found a staircase to the Ecumenical Temple.
  5781 | Temple   | Entered the Ecumenical Temple
  5950 | Temple   | Became a worshipper of Ashenzari the Shackled
  6282 | D:6      | Reached skill level 6 in Dodging
  6592 | D:7      | Reached skill level 5 in Fighting
  6720 | D:7      | Found an ornate altar of the Wu Jian Council.
  6737 | D:7      | Noticed Duvessa
  6815 | D:7      | Noticed a hornet
  6870 | D:8      | Reached XP level 10. HP: 72/72 MP: 0/0
  7053 | D:8      | Reached skill level 5 in Stealth
  7063 | D:8      | Reached skill level 7 in Dodging
  7103 | D:8      | Noticed a two-headed ogre
  7184 | D:8      | Killed a two-headed ogre
  7315 | D:8      | Reached * piety under Ashenzari
  7797 | D:9      | Noticed a two-headed ogre
  7798 | D:9      | Reached skill level 5 in Evocations
  7799 | D:9      | Reached XP level 11. HP: 73/79 MP: 0/0
  7799 | D:9      | Learned a level 5 spell: Lee's Rapid Deconstruction
  7822 | D:9      | Killed a two-headed ogre
  8032 | D:9      | Identified the +0 ring mail of Knowledge {*Slow rF+ rCorr
                  | Int+7 Dex+4}
  8067 | D:9      | Reached ** piety under Ashenzari
  8453 | D:10     | Entered Level 10 of the Dungeon
  8461 | D:10     | Reached skill level 8 in Dodging
  8489 | D:10     | Noticed a death yak
  8492 | D:10     | Reached skill level 1 in Armour
  8495 | D:10     | Killed a death yak
  8495 | D:10     | Noticed a death yak
  8532 | D:10     | Noticed a death yak
  8575 | D:10     | Found a glowing golden altar of the Shining One.
  8575 | D:10     | Noticed a two-headed ogre
  8597 | D:10     | Killed a two-headed ogre
  8709 | D:10     | Found a staircase to the Orcish Mines.
  8765 | D:10     | Killed a death yak
  8819 | D:10     | Found a staircase to the Lair.
  8860 | D:10     | Noticed Erica
  8956 | D:11     | Noticed a two-headed ogre
  8964 | D:11     | Killed a two-headed ogre
  8965 | D:11     | Reached XP level 12. HP: 77/88 MP: 0/0
  9023 | D:11     | Noticed a two-headed ogre
  9034 | D:11     | Killed a two-headed ogre
  9239 | D:11     | Noticed a two-headed ogre
  9251 | D:11     | Killed a two-headed ogre
  9297 | D:11     | Reached *** piety under Ashenzari
  9329 | D:11     | Found Noclom's Book Shoppe.
  9388 | D:11     | Reached skill level 9 in Dodging
 10004 | D:10     | Killed Erica
 10134 | D:10     | Found a sacrificial altar of Ru.
 10135 | D:10     | Found a sparkling altar of Nemelex Xobeh.
 10229 | D:10     | Killed a death yak
 10254 | D:10     | Reached skill level 1 in Shields
 10354 | Lair:1   | Entered Level 1 of the Lair of Beasts
 10426 | Lair:1   | Found a transporter.
 10427 | Lair:1   | Identified the +1 hat of Valour {rC- rCorr Stlth+}
 10431 | Lair:1   | Noticed a swamp dragon
 10431 | Lair:1   | Noticed a swamp dragon
 10703 | Lair:1   | Reached skill level 10 in Spellcasting
 10777 | Lair:1   | Reached XP level 13. HP: 87/98 MP: 0/0
 10777 | Lair:1   | Learned a level 5 spell: Summon Forest
 10808 | Lair:1   | Reached **** piety under Ashenzari
 10992 | Lair:1   | Found a transporter.
 11309 | Lair:2   | Reached skill level 5 in Armour
 11620 | Lair:2   | Reached skill level 10 in Dodging
 11626 | Lair:2   | Found a staircase to the Shoals.
 12196 | Lair:2   | Noticed a five-headed hydra
 12445 | Lair:2   | Noticed a catoblepas
 12455 | Lair:2   | Killed a catoblepas
 12481 | Lair:3   | Found a runed translucent gate.
 12481 | Lair:3   | Found a runed translucent gate.
 12481 | Lair:3   | Found a runed translucent gate.
 12633 | Lair:3   | Noticed Strat's ghost (journeyman MeMo)
 12648 | Lair:3   | Noticed an ice dragon
 12657 | Lair:3   | Found a hole to the Spider Nest.
 12874 | Lair:3   | Reached XP level 14. HP: 100/108 MP: 0/0
 12882 | Lair:3   | Noticed Urug
 12895 | Lair:3   | Killed Urug
 12896 | Lair:3   | Reached skill level 5 in Shields
 13493 | Lair:4   | Noticed Sonja
 13503 | Lair:4   | Killed Sonja
 13550 | Lair:4   | Reached skill level 11 in Dodging
 13779 | Lair:4   | Reached ***** piety under Ashenzari
 14118 | Lair:5   | Entered Level 5 of the Lair of Beasts
 14381 | Lair:5   | Reached skill level 10 in Fighting
 14407 | Lair:5   | Found a staircase to the Slime Pits.
 15045 | Lair:5   | Found a burning altar of Makhleb.
 15369 | Lair:5   | Found a gateway to Hell.
 15424 | Hell     | Entered the Vestibule of Hell
 15425 | Hell     | Noticed Geryon
 15759 | D:12     | Noticed Erolcha
 15766 | D:12     | Killed Erolcha
 15769 | D:12     | Reached XP level 15. HP: 121/121 MP: 0/0
 15769 | D:12     | Learned a level 6 spell: Starburst
 15946 | D:12     | Reached skill level 12 in Dodging
 16350 | D:13     | Found a gate leading to a gauntlet.
 16354 | Gauntlet | Entered a Gauntlet
 16354 | Gauntlet | Found a transporter.
 16354 | Gauntlet | Found a transporter.
 16360 | Gauntlet | Found a transporter.
 16361 | Gauntlet | Found a transporter.
 16382 | Gauntlet | Found a transporter.
 16390 | Gauntlet | Found a transporter.
 16390 | Gauntlet | Identified the +7 short sword of the Skies Above {holy,
                  | Str+3}
 16394 | Gauntlet | Found a transporter.
 16402 | Gauntlet | Found a transporter.
 16411 | Gauntlet | Identified Leda's Disquisition on the Rocks
 16422 | Gauntlet | Found a runed translucent door.
 16422 | Gauntlet | Identified the +0 pair of gloves "Jeon" {rF+ rN+ rCorr
                  | Int+3}
 16423 | Gauntlet | Found a transporter.
 16424 | Gauntlet | Found a runed translucent door.
 16440 | Gauntlet | Found a transporter.
 16444 | Gauntlet | Found a transporter.
 16452 | Gauntlet | Found a transporter.
 16647 | Gauntlet | Identified the +0 ring mail of the Hall of Blades {rPois
                  | rCorr}
 16647 | Gauntlet | Identified the amulet "Iroox" {Spirit rC+ Dex+3}
 16907 | D:13     | Found a gate to the Vaults.
 17522 | D:13     | Found a portal to a secret trove of treasure.
 18197 | D:14     | Identified a scroll of acquirement
 18203 | D:14     | Acquired the ring "Kexaopur" {+Blink rElec rC+ Will+
                  | Stlth-}
 18295 | D:15     | Entered Level 15 of the Dungeon
 18551 | D:15     | Reached XP level 16. HP: 112/128 MP: 0/0
 18755 | D:15     | Reached skill level 13 in Dodging
 18785 | D:15     | Found a staircase to the Depths.
 18819 | D:15     | Noticed Rupert
 18863 | D:15     | Killed Rupert
 19010 | D:15     | Acquired a manual of Fighting
 19344 | Spider:1 | Entered Level 1 of the Spider Nest
 19354 | Spider:1 | Noticed an emperor scorpion
 19357 | Spider:1 | Noticed an emperor scorpion
 19360 | Spider:1 | Killed an emperor scorpion
 19511 | Lair:3   | Killed an emperor scorpion
 19953 | Spider:2 | Noticed Arachne
 19959 | Spider:2 | Killed Arachne
 20119 | Spider:2 | Noticed Aizul
 20124 | Spider:2 | Killed Aizul
 20883 | Spider:2 | Reached XP level 17. HP: 134/139 MP: 0/0
 20883 | Spider:2 | Learned a level 7 spell: Malign Gateway
 21111 | Spider:3 | Reached skill level 14 in Dodging
 21142 | Spider:3 | Reached skill level 10 in Shields
 21511 | Spider:4 | Entered Level 4 of the Spider Nest
 22273 | Spider:4 | Reached skill level 15 in Spellcasting
 22433 | Spider:4 | Reached XP level 18. HP: 113/155 MP: 0/0
 22546 | Spider:4 | Identified the +2 pair of boots "Tuevuof" {*Corrode rElec
                  | Will+}
 22738 | Spider:4 | Reached skill level 15 in Fighting
 22881 | Spider:4 | Got a gossamer rune of Zot
 23251 | Shoals:1 | Entered Level 1 of the Shoals
 23260 | Shoals:1 | Reached skill level 15 in Dodging
 23626 | Shoals:1 | Found Sonnuxer's Island Escapes.
 24212 | Shoals:2 | Found Onle Gupt's General Store.
 24221 | Shoals:2 | Bought a potion of haste for 170 gold pieces
 24221 | Shoals:2 | Bought 2 potions of brilliance for 136 gold pieces
 24854 | Shoals:3 | Noticed Nikola
 24858 | Shoals:3 | Killed Nikola
 25073 | Shoals:3 | Identified the +9 falchion "Ogrebane" {pain, rN+ Will-
                  | Str+2}
 25655 | Shoals:4 | Entered Level 4 of the Shoals
 25770 | Shoals:4 | Identified the +1 whip of Gluttony {vorpal, rPois rF++
                  | Stlth-}
 25786 | Shoals:4 | Reached XP level 19. HP: 159/164 MP: 0/0
 25786 | Shoals:4 | Learned a level 7 spell: Enfeeble
 26123 | Shoals:4 | Reached skill level 16 in Dodging
 26125 | Shoals:4 | Identified the +7 spear of Noliunli {vorpal, rElec Will-
                  | Str+8}
 26194 | Shoals:4 | Found the ring of the Tortoise {AC+8}
 26404 | Shoals:4 | Got a barnacled rune of Zot
 26778 | Vaults:1 | Entered Level 1 of the Vaults
 26886 | Vaults:1 | Found a magical portal.
 26897 | WizLab   | Entered Alistair's Party Mansion
 27340 | Abyss:3  | Cast into level 3 of the Abyss (a deep elf sorcerer)
 27341 | Abyss:3  | Noticed a lich
 27677 | Abyss:3  | Found a corrupted altar of Lugonu.
 27688 | Abyss:3  | Noticed a dread lich
 27695 | Abyss:3  | Killed a dread lich
 27696 | Abyss:3  | Reached XP level 20. HP: 64/175 MP: 0/0
 27698 | WizLab   | Escaped the Abyss
 27834 | WizLab   | Identified the Secrets of Mutable Contamination
 27847 | WizLab   | Acquired 1159 gold pieces
 28025 | WizLab   | Noticed a golden dragon
 28028 | WizLab   | Noticed a golden dragon
 28785 | Vaults:1 | Reached skill level 17 in Dodging
 28949 | Vaults:1 | Acquired a manual of Shields
 29659 | Vaults:2 | Found a staircase to the Crypt.
 29967 | Vaults:2 | Identified the +8 quarterstaff of Ykefug {vorpal, *Rage rF+
                  | rN+ MP+9}
 31114 | Vaults:3 | Noticed Zenata
 31198 | Vaults:3 | Reached XP level 21. HP: 150/182 MP: 0/0
 31198 | Vaults:3 | Learned a level 7 spell: Summon Hydra
 31331 | Vaults:3 | Noticed Margery
 31344 | Vaults:3 | Killed Margery
 31731 | Vaults:4 | Found Neusianos's Weapon Shoppe.
 31775 | Vaults:4 | Noticed Boris
 31797 | Vaults:4 | Killed Boris
 32215 | Vaults:4 | Reached skill level 15 in Shields
 32676 | Vaults:4 | Killed Sojobo
 32808 | Vaults:4 | Reached skill level 18 in Dodging
 32916 | Vaults:4 | Gained mutation: You are robust. (+10% HP) [potion of
                  | mutation]
 32916 | Vaults:4 | Gained mutation: You have sharp fingernails. [potion of
                  | mutation]
 32934 | Vaults:5 | Entered Level 5 of the Vaults
 32938 | Vaults:5 | Reached XP level 22. HP: 196/210 MP: 0/0
 33164 | Vaults:5 | Reached skill level 10 in Armour
 33546 | Vaults:5 | Noticed a dread lich
 33556 | Vaults:5 | Killed a dread lich
 33707 | Vaults:5 | Identified the Opusculum on Telluric Enchantment
 33805 | Vaults:5 | Identified the Treatise on the Excursion and Conflagration
 33940 | Vaults:5 | Identified the +3 mace of Supply {antimagic, +Blink Will+
                  | Dex+3}
 33946 | Vaults:5 | Identified the +8 dagger "Rub Eryi" {vorpal, *Corrode MP+9
                  | Str+6}
 34006 | Vaults:5 | Reached XP level 23. HP: 175/218 MP: 0/0
 34006 | Vaults:5 | Learned a level 8 spell: Borgnjor's Revivification
 34199 | Vaults:5 | Found Netuhy's Distillery.
 34199 | Vaults:5 | Found Joblakk's Distillery.
 34206 | Vaults:5 | Found Mant's Distillery.
 34215 | Vaults:5 | Found Selihok's Antique Weapon Shoppe.
 34227 | Vaults:5 | Bought a potion of heal wounds for 110 gold pieces
 34227 | Vaults:5 | Bought a potion of heal wounds for 110 gold pieces
 34227 | Vaults:5 | Bought a potion of heal wounds for 110 gold pieces
 34227 | Vaults:5 | Bought a potion of brilliance for 88 gold pieces
 34231 | Vaults:5 | Bought a potion of haste for 210 gold pieces
 34231 | Vaults:5 | Bought a potion of haste for 210 gold pieces
 34235 | Vaults:5 | Bought a potion of experience for 1100 gold pieces
 34235 | Vaults:5 | Reached XP level 24. HP: 226/226 MP: 0/0
 34236 | Vaults:5 | Bought a potion of heal wounds for 110 gold pieces
 34236 | Vaults:5 | Bought a potion of heal wounds for 110 gold pieces
 34249 | Vaults:5 | Got a silver rune of Zot
 34256 | Vaults:5 | Noticed a golden dragon
 34261 | Vaults:5 | Killed a golden dragon
 35034 | Depths:1 | Entered Level 1 of the Depths
 35174 | Depths:1 | Noticed Boris
 35181 | Depths:1 | Killed Boris
 35221 | Depths:1 | Noticed Bai Suzhen
 35233 | Depths:1 | Killed Bai Suzhen
 35254 | Depths:1 | Reached skill level 19 in Dodging
 35325 | Depths:1 | Found a hazy altar of Hepliaklqana.
 36166 | Depths:2 | Found a one-way gateway to a ziggurat.
 36217 | Depths:2 | Found a one-way gate leading to the halls of Pandemonium.
 36254 | Depths:2 | Found Wisol's General Store.
 36262 | Depths:2 | Bought a potion of haste for 220 gold pieces
 36443 | Depths:2 | Identified the +4 demon trident "Sikiusoni" {elec, rF+ rC-
                  | Will+++ rCorr}
 36713 | Depths:3 | Reached XP level 25. HP: 223/233 MP: 0/0
 36713 | Depths:3 | Learned a level 9 spell: Death's Door
 37117 | Depths:3 | Identified the ring of Juuga {Int+2 SInv}
 37145 | Depths:3 | Identified the amulet "Iwuhidd" {*Slow Will+ Regen+ Dex+2}
 37190 | Depths:3 | Noticed a juggernaut
 37198 | Depths:3 | Killed a juggernaut
 37277 | Depths:3 | Found a one-way gate to the infinite horrors of the Abyss.
 37346 | Depths:3 | Found a glowing silver altar of Zin.
 37471 | Depths:4 | Entered Level 4 of the Depths
 37988 | Depths:4 | Found a gate to the Realm of Zot.
 38279 | Depths:4 | Found a runed translucent gate.
 38284 | Depths:4 | Found a runed translucent gate.
 38285 | Depths:4 | Found a runed translucent gate.
 38287 | Depths:4 | Noticed Ypuomp's ghost (adept HaHu)
 38287 | Depths:4 | Identified the -2 pair of gloves of Autumn {Str+4 Int+3
                  | Stlth+}
 38468 | Zot:1    | Entered Level 1 of the Realm of Zot
 38916 | Zot:1    | Reached XP level 26. HP: 206/243 MP: 0/0
 38919 | Zot:1    | Noticed a curse toe
 39120 | Zot:1    | Noticed a curse toe
 39242 | Zot:1    | Reached skill level 20 in Dodging
 39385 | Zot:1    | Noticed an orb of fire
 39387 | Zot:1    | Gained mutation: You are very vulnerable to cold. (rC--)
                  | [an orb of fire]
 39392 | Zot:1    | Killed a curse toe
 39396 | Zot:1    | Gained mutation: You have hidden genetic defects. [an orb
                  | of fire]
 39412 | Zot:1    | Gained mutation: Armour fits poorly on your strangely
                  | shaped body. [an orb of fire]
 39443 | Zot:1    | Lost mutation: You have hidden genetic defects. [potion of
                  | mutation]
 39443 | Zot:1    | Lost mutation: You are robust. (+10% HP) [potion of
                  | mutation]
 39443 | Zot:1    | Lost mutation: Armour fits poorly on your strangely shaped
                  | body. [potion of mutation]
 39443 | Zot:1    | Gained mutation: You are weak. (Str -2) [potion of
                  | mutation]
 39443 | Zot:1    | Gained mutation: You are partially covered in large bone
                  | plates. (SH +4) [potion of mutation]
 39603 | Zot:1    | Gained mutation: Armour fits poorly on your strangely
                  | shaped body. [an orb of fire]
 39605 | Zot:1    | Gained mutation: You occasionally lose the ability to drink
                  | potions when taking damage. [an orb of fire]
 39612 | Zot:1    | Gained mutation: You sometimes lose your temper in combat.
                  | [an orb of fire]
 39613 | Zot:1    | Gained mutation: You sometimes lose the ability to drink
                  | potions when taking damage. [an orb of fire]
 39613 | Zot:1    | Killed an orb of fire
 39702 | Zot:1    | Lost mutation: You sometimes lose the ability to drink
                  | potions when taking damage. [potion of mutation]
 39702 | Zot:1    | Lost mutation: You sometimes lose your temper in combat.
                  | [potion of mutation]
 39702 | Zot:1    | Lost mutation: You occasionally lose the ability to drink
                  | potions when taking damage. [potion of mutation]
 39702 | Zot:1    | Gained mutation: You are clumsy. (Dex -2) [potion of
                  | mutation]
 39702 | Zot:1    | Gained mutation: You have a somewhat thin skeletal
                  | structure. (Dex +2, Stealth+) [potion of mutation]
 39833 | Zot:1    | Reached skill level 10 in Stealth
 40033 | Zot:1    | Killed a curse toe
 40984 | Zot:2    | Noticed a curse toe
 41062 | Zot:2    | Noticed a curse toe
 41356 | Zot:1    | Killed a curse toe
 41577 | Zot:2    | Killed a curse toe
 42778 | Zot:3    | Reached XP level 27. HP: 147/228 MP: 0/0
 42778 | Zot:3    | Learned a level 9 spell: Dragon's Call
 42864 | Zot:3    | Upgraded the game from 0.30-a0-457-g4b7bca3bfa to
                  | 0.30-a0-458-g86641cc369
 43198 | Zot:3    | Noticed an ancient lich
 43207 | Zot:3    | Killed an ancient lich
 43249 | Zot:3    | Found a stormy altar of Qazlal.
 43517 | Zot:3    | Identified the +5 robe "Qyhion" {-Cast Str+5}
 43919 | Zot:4    | Noticed a Killer Klown
 43928 | Zot:4    | Killed a Killer Klown
 44151 | Zot:4    | Reached skill level 21 in Dodging
 44168 | Zot:4    | Reached skill level 15 in Armour
 44336 | Zot:4    | Identified the +5 flail "Djinni's Death" {vamp, rN+}
 44375 | Zot:4    | Noticed a Killer Klown
 44378 | Zot:4    | a Killer Klown changed into a juggernaut
 44378 | Zot:4    | Noticed a juggernaut
 44382 | Zot:4    | Killed a juggernaut
 44458 | Zot:4    | Reached skill level 10 in Evocations
 44738 | Zot:4    | Identified the +8 sling "Lule" {antimagic, Will+}
 44997 | Zot:5    | Entered Level 5 of the Realm of Zot
 44997 | Zot:5    | Noticed an orb of fire
 45061 | Zot:5    | Gained mutation: You occasionally lose the ability to read
                  | scrolls when taking damage. [an orb of fire]
 45062 | Zot:5    | Killed an orb of fire
 45178 | Zot:5    | Found a runed translucent gate.
 45178 | Zot:5    | Found a runed translucent gate.
 45178 | Zot:5    | Found a runed translucent gate.
 45178 | Zot:5    | Noticed Ytolar's ghost (legendary DsFi)
 45178 | Zot:5    | Identified the +9 trident of Tisoigas {protect, rF+}
 45282 | Zot:5    | Lost mutation: You occasionally lose the ability to read
                  | scrolls when taking damage. [potion of mutation]
 45282 | Zot:5    | Lost mutation: You are clumsy. (Dex -2) [potion of
                  | mutation]
 45282 | Zot:5    | Lost mutation: You have sharp fingernails. [potion of
                  | mutation]
 45282 | Zot:5    | Gained mutation: You are strong-willed. (Will+) [potion of
                  | mutation]
 45516 | Zot:5    | Noticed an ancient lich
 45539 | Zot:5    | Killed an ancient lich
 45713 | Zot:5    | Noticed an orb of fire
 45720 | Zot:5    | Killed an orb of fire
 45734 | Zot:5    | Noticed a Killer Klown
 45745 | Zot:5    | Killed a Killer Klown
 45769 | Zot:5    | Noticed an orb of fire
 45774 | Zot:5    | Noticed a Killer Klown
 45918 | Zot:5    | Killed an orb of fire
 45926 | Zot:5    | Killed a Killer Klown
 46111 | Zot:5    | Noticed a Killer Klown
 46126 | Zot:5    | Killed a Killer Klown
 46133 | Zot:5    | Noticed a Killer Klown
 46135 | Zot:5    | Noticed a Killer Klown
 46138 | Zot:5    | Killed a Killer Klown
 46141 | Zot:5    | Killed a Killer Klown
 46191 | Zot:5    | Noticed a Killer Klown
 46195 | Zot:5    | a Killer Klown changed into a juggernaut
 46195 | Zot:5    | Noticed a juggernaut
 46204 | Zot:5    | Killed a juggernaut
 46434 | Zot:5    | Noticed a Killer Klown
 46441 | Zot:5    | Killed a Killer Klown
 46466 | Zot:5    | Noticed a dread lich
 46486 | Zot:5    | Killed a dread lich
 46623 | Zot:5    | Got the Orb of Zot
 47076 | D:7      | Noticed Dowan
 47213 | D:$      | Escaped with the Orb!

Illustrated notes

Levels and vault maps discovered:
D:1:      dpeg_arrival_central, layout_basic, serial_rivers,
          chequers_serial_rivers_micro_c, chequers_serial_rivers_small_b,
          chequers_serial_rivers_marsh, chequers_serial_rivers_room_b
D:2:      wander_river, layout_loops_ring, cheibrodos_gnoll_hut, uniq_sigmund,
          uniq_jessica
D:3:      layout_basic, serial_shops, shop, kennysheep_path_1
D:4:      layout_gridville, chei_slow_surprise, serial_co_window_serial,
          co_window_paths_b, co_window_of_opportunity_a, co_window_paths_b,
          co_window_corner_a, co_window_paths_a, co_window_corner_a,
          co_window_corner_a, co_window_corner_ca, co_window_unsneaky_path_e,
          co_window_2corner, co_window_of_opportunity_b, co_window_corner_cb,
          co_window_of_opportunity_c, co_window_cross_2, glass_columns_a,
          glass_columns_b, glass_columns_b, minmay_gold_behind_fungi
D:5:      layout_gridville, minmay_temple_entry_nine_rooms
D:6:      layout_basic
D:7:      layout_cave_pools, nzn_wu_jian_contemplation,
          chequers_decorated_corner, chequers_hall_statues_corner_a,
          minmay_stone_trees_medium, uniq_duvessa
D:8:      layout_loops_ring, chequers_serial_rivers_room_a
D:9:      layout_basic
D:10:     layout_big_octagon, tso_metal_star, nicolae_overflow_two_pavilions,
          dpeg_lair_monsters, orc_0_dummy, uniq_erica
D:11:     layout_stronghold, serial_shops, nicolae_shop_window_shopping,
          nrook_guardian_serpent_ordinary
D:12:     layout_cave_pools, dreamdust_princess_corridor, uniq_erolcha
D:13:     layout_loops_corners, erik_vaults_1, gauntlet_entry_generic,
          enter_trove_5
D:14:     layout_irregular_city, minmay_tree_intersection
D:15:     grunt_enter_depths_snipers, layout_loops_corners, serial_bayou_ford_a,
          uniq_rupert
Temple:   minmay_crystal_spiral_temple
Lair:1:   gammafunk_cloud_chamber, layout_loops_ring,
          infiniplex_staircase_pool_2, serial_bayou_shore_b
Lair:2:   nzn_winding_woodlands_stair_cross [nzn_winding_woodlands_5x15_cabin,
          nzn_winding_woodlands_center_garden,
          nzn_winding_woodlands_5x15_lazy_stream,
          nzn_winding_woodlands_5x5_default,
          nzn_winding_woodlands_5x5_checkerboard,
          nzn_winding_woodlands_5x15_river_crossing,
          nzn_winding_woodlands_center_pierced_h,
          nzn_winding_woodlands_5x15_default], layout_cave_pods,
          elwin_shoals_entry_stream, minmay_stone_trees_small
Lair:3:   layout_regular_city, dummy_spider_entry, gammafunk_ghost_icy,
          uniq_urug
Lair:4:   layout_regular_city, minmay_holes, grunt_megastairs_4,
          infiniplex_staircase_pool, uniq_sonja
Lair:5:   evil_forest, layout_long_grid, slime_entry_1, lemuel_fruit_fields
Shoals:1: layout_shoals, nicolae_island_escapes
Shoals:2: layout_shoals, serial_shops, nicolae_lakefront_shop,
          nicolae_shoals_loop_pool
Shoals:3: layout_shoals, uniq_nikola
Shoals:4: shoals_end_grunt_garden, layout_shoals
Spider:1: layout_spider_delve
Spider:2: layout_spider_delve, uniq_aizul, uniq_arachne
Spider:3: layout_spider_delve
Spider:4: johnstein_spider_rune_arachne_lair
Vaults:1: infiniplex_enter_wizlab_glasses, vaults_standard_mumra_lines,
          v_misc_18, hangedman_vaults_hat, nicolae_vaults_hallways_thing,
          vaults_mumra_lcd, dpeg_vaults_monster_row, vaults_dpeg_diagonal,
          v_pattern_1, dpeg_vaults_monster_box, nicolae_vaults_shelves_hall,
          ontoclasm_vaults_loading_screen, layout_vaults_omnicross
Vaults:2: minmay_crypt_entry_vampire_xt, v_misc_13, v_misc_15, v_misc_5,
          nicolae_vaults_stairing_the_circle, v_misc_14,
          nicolae_vaults_circle_grid_b, nicolae_vaults_shelves_hall,
          hangedman_vaults_stretched_pinwheel, ontoclasm_vaults_chip,
          nicolae_vaults_alarming, layout_vaults_chaotic_city
Vaults:3: hangedman_vaults_unwind, hangedman_vaults_stitches,
          vaults_room_semicircle, v_misc_14, vaults_mumra_hexcomb,
          hangedman_vaults_hard_town_square, nicolae_vaults_mini_display_case,
          ontoclasm_vaults_shuriken, ontoclasm_vaults_hangar, v_misc_8,
          hangedman_vaults_variations, ontoclasm_vaults_spin, v_misc_15,
          v_misc_24, serial_ice_h, layout_vaults_omnibox, uniq_zenata,
          uniq_margery
Vaults:4: nicolae_vaults_minivaults, vaults_room_door_ring,
          vaults_mumra_chevron, ontoclasm_vaults_ring_small,
          nicolae_vaults_ring_of_whatevers, ontoclasm_vaults_decontamination,
          nicolae_vaults_little_squares_4, grunt_vaults_funnel, v_misc_30,
          layout_vaults_maze_bifur, serial_shops, shop, uniq_boris, uniq_sojobo
Vaults:5: serial_shops
Depths:1: layout_cave_pools, chequers_serial_rivers_small_a, hell_entry,
          nicolae_hepliaklqana_hippocampus, uniq_bai_suzhen
Depths:2: minmay_shoctagon, layout_gridville, enter_ziggurat_d,
          rand_demon_pan_entry_4, serial_shops, nicolae_shop_stone,
          pf_coc_iceberg, kennysheep_nub, small_chamber_with_monster,
          minmay_staircase_statues
Depths:3: grunt_arcs, layout_cave_pools, grunt_mini_vestibule,
          lemuel_statue_altar, abyss_entry_glasseish, kennysheep_generic_room_12
Depths:4: grunt_zot_entry_funnels, layout_cave_pools, hell_entry,
          gammafunk_ghost_necromancy, grunt_decor_cap
Hell
Zot:1:    lemuel_draconian_sentries, layout_basic, grunt_megastairs_5
Zot:2:    layout_basic, nicolae_zot_crop_circle, grunt_megastairs_2
Zot:3:    regret_index_qazlal_generations, layout_misc_corridors, st_stairs_10
Zot:4:    cheibrodos_zot_enchanting_chambers, layout_twisted_circle
Zot:5:    layout_misc_corridors, ebering_ghost_rock_garden

Skill      XL: |  1  2  3  4  5  6  7  8  9 10 11 12 13 14 15 16 17 18 19 20 21 22 23 24 25 26 27 |
---------------+----------------------------------------------------------------------------------+-----
Fighting       | 1 2 3 4 5 6 7 8 9 10 11 13 14 16 17 18 19 20 | 20.9
Spellcasting   | 4 5 6 7 8 9 10 11 12 13 14 15 16 17 18 19 20 | 20.6
Dodging        | 3 4 5 6 7 8 9 10 11 12 13 14 15 16 17 18 19 20 21 | 21.9
Stealth        | 2 3 4 5 6 7 8 9 10 13 | 13.7
Evocations     | 3 5 6 8 11 | 11.7
Armour         | 2 4 6 7 9 10 11 12 13 14 16 | 16.1
Shields        | 2 4 6 8 9 11 12 13 14 15 16 17 19 20 | 20.8

Action                   |  1- 3 |  4- 6 |  7- 9 | 10-12 | 13-15 | 16-18 | 19-21 | 22-24 | 25-27 || total
-------------------------+-------+-------+-------+-------+-------+-------+-------+-------+-------++-------
Melee: Unarmed           |     1 |       |       |       |       |       |       |       |       ||     1
       Club              |     5 |       |       |       |       |       |       |       |       ||     5
       Dagger            |     2 |    16 |    60 |    80 |   137 |       |       |       |       ||   295
       Hand axe          |       |       |    34 |       |       |       |       |       |       ||    34
       Punch             |       |       |     1 |     3 |       |       |       |       |       ||     4
       Mace              |       |       |       |     5 |       |       |       |       |       ||     5
       Staff             |       |       |       |       |     4 |   135 |    38 |    13 |    36 ||   226
       Short sword       |       |       |       |       |       |     1 |     8 |     5 |    15 ||    29
 Fire: Sling             |     5 |       |       |       |       |       |       |       |       ||     5
Throw: Dart              |       |       |     2 |       |       |       |       |       |       ||     2
 Cast: Freeze            |    26 |    10 |     8 |    17 |    10 |     8 |     1 |     3 |    10 ||    93
       Sandblast         |    13 |    22 |    19 |     3 |     2 |       |     2 |       |     1 ||    62
       Frozen Ramparts   |     2 |    11 |    26 |    31 |    16 |    11 |     6 |     1 |     1 ||   105
       Ozocubu's Armour  |       |     2 |    12 |    15 |     9 |     4 |     4 |     2 |     1 ||    49
       Summon Ice Beast  |       |     1 |    13 |    30 |    40 |    28 |     6 |     3 |    10 ||   131
       Searing Ray       |       |       |    22 |    47 |    23 |     7 |     1 |    12 |    15 ||   127
       Static Discharge  |       |       |     4 |     6 |     2 |     3 |     1 |       |       ||    16
       Lee's Rapid Decon |       |       |       |    25 |    59 |    22 |   141 |    74 |   156 ||   477
       Summon Forest     |       |       |       |       |    33 |    15 |     4 |    13 |    35 ||   100
       Starburst         |       |       |       |       |    71 |   269 |   264 |   135 |   171 ||   910
       Malign Gateway    |       |       |       |       |       |     4 |     3 |    13 |    26 ||    46
       Enfeeble          |       |       |       |       |       |       |     2 |     2 |    16 ||    20
       Summon Hydra      |       |       |       |       |       |       |     7 |    19 |   132 ||   158
       Death's Door      |       |       |       |       |       |       |       |       |     2 ||     2
       Dragon's Call     |       |       |       |       |       |       |       |       |    26 ||    26
       Lesser Beckoning  |       |       |       |       |       |       |       |       |     1 ||     1
Invok: Curse Item        |       |       |     1 |     4 |     3 |     2 |       |       |     1 ||    11
       Shatter the Chain |       |       |       |       |     2 |     1 |       |       |     1 ||     4
 Abil: Evoke Blink       |       |       |       |     1 |     1 |       |       |       |     5 ||     7
Evoke: Wand              |       |       |       |     1 |       |       |     1 |       |    13 ||    15
  Use: Potion            |       |     3 |       |     1 |     1 |       |     5 |     5 |     5 ||    20
       Scroll            |       |     1 |     3 |     4 |     3 |     4 |    16 |     2 |     6 ||    39
 Stab: Sleeping          |     1 |     2 |     3 |     6 |     6 |       |     1 |       |     1 ||    20
       Distracted        |       |       |       |     1 |     9 |     1 |       |       |     3 ||    14
       Invisible         |       |       |       |       |       |       |     3 |     1 |     3 ||     7
Armor: Robe              |     6 |     4 |       |       |       |       |       |       |       ||    10
       Leather armour    |       |     3 |    61 |    18 |       |       |       |       |       ||    82
       Ring mail         |       |       |       |    62 |    53 |   107 |    31 |    32 |    46 ||   331
Dodge: Dodged            |    20 |    20 |    98 |   138 |   106 |   307 |   127 |    66 |   192 ||  1074
Block: Kite shield       |       |       |       |    14 |   106 |       |       |       |       ||   120
       Buckler           |       |       |       |       |     7 |   200 |   125 |    58 |   153 ||   543
       Reflection        |       |       |       |       |     7 |    14 |    21 |     6 |     8 ||    56

Table legend: (Time is in decaauts)
 A = Elapsed time spent in this place.
 B = Non-inter-level travel time spent in this place.
 C = Inter-level travel time spent in this place.
 D = Time resting spent in this place.
 E = Time spent auto-exploring this place.
 F = Levels seen in this place.
 G = Mean time per level.
                   A        B        C        D        E       F      G
               +--------+--------+--------+--------+--------+-----+--------+
         Total |  47367 |  44332 |   3035 |   5924 |  21988 |  47 | 1007.8 |
       Dungeon |  14125 |  12625 |   1500 |   1158 |   7833 |  15 |  941.7 |
        Temple |    223 |    170 |     53 |      0 |    111 |   1 |  223.0 |
          Lair |   5669 |   5242 |    427 |    145 |   3281 |   5 | 1133.8 |
        Shoals |   3394 |   3267 |    127 |    283 |   2032 |   4 |  848.5 |
   Spider Nest |   3708 |   3485 |    223 |    519 |   1483 |   4 |  927.0 |
        Vaults |   6795 |   6537 |    258 |   1199 |   2807 |   5 | 1359.0 |
        Depths |   3705 |   3542 |    163 |    472 |   1637 |   4 |  926.2 |
          Hell |      1 |      1 |      0 |      0 |      0 |   1 |    1.0 |
           Zot |   8103 |   7821 |    282 |   2009 |   2667 |   5 | 1620.6 |
         Abyss |    357 |    357 |      0 |     12 |      0 |   1 |  357.0 |
        Wizlab |    939 |    939 |      0 |    127 |     42 |   1 |  939.0 |
      Gauntlet |    344 |    344 |      0 |      0 |     95 |   1 |  344.0 |
               +--------+--------+--------+--------+--------+-----+--------+

Top non-repeatable levels by time:
   Zot:1: 2714 daAuts
Vaults:5: 1739 daAuts
Spider:4: 1658 daAuts
Vaults:1: 1624 daAuts
   Zot:5: 1587 daAuts
Vaults:2: 1474 daAuts
  Lair:2: 1409 daAuts
  Lair:5: 1380 daAuts
   Zot:2: 1361 daAuts
   Zot:4: 1349 daAuts
    D:11: 1332 daAuts
Vaults:4: 1323 daAuts
     D:1: 1309 daAuts
     D:3: 1150 daAuts
     D:4: 1101 daAuts
